[Event "Titled Tuesday Blitz May 10 Late 2022"]
[White "Vovk, Orest"]
[Black "Bifulco, Michel"]
[WhiteFideId "14113490"]
[BlackFideId "828580"]
[WhiteElo "2203"]
[BlackElo "2165"]
[Result "1-0"]
[Round "08"]
[TimeControl "180+1"]
[Date "2022.05.11"]
[WhiteClock "0:00:47"]
[BlackClock "0:00:02"]

1. d4 Nf6 2. Nf3 g6 3. Bf4 Bg7 4. e3 O-O 5. h3 d6 6. Be2 c5 7. c3 Nbd7 8. O-O Re8 9. Bh2 b6 10. Nbd2 Bb7 11. a4 Ne4 12. Nxe4 Bxe4 13. Nd2 Bb7 14. Bf3 Bxf3 15. Qxf3 e5 16. Qc6 Nf8 17. dxe5 dxe5 18. Nc4 Rc8 19. Qb7 Rc7 20. Qa6 Nd7 21. Rfd1 Qe7 22. a5 Nb8 23. Qb5 bxa5 24. Qxa5 Nc6 25. Qa6 Rb8 26. Rd6 Rb6 27. Qa4 h6 28. Rad1 Nd4 29. Rxb6 Nf3+ 30. gxf3 axb6 31. Qa8+ Kh7 32. Qd8 Qe6 33. Qxc7 Qxh3 34. Qxf7 1-0


[Site "https://www.chess.com"]

[Event "Titled Tuesday Blitz May 10 Late 2022"]
[White "Vujic, Mihailo"]
[Black "Keller, Peter"]
[WhiteFideId "918873"]
[BlackFideId "1272105"]
[WhiteElo "2256"]
[BlackElo "2275"]
[Result "0-1"]
[Round "08"]
[TimeControl "180+1"]
[Date "2022.05.11"]
[WhiteClock "0:00:06"]
[BlackClock "0:00:06"]

1. e4 e5 2. Nf3 Nc6 3. d4 exd4 4. Bc4 Nf6 5. O-O Nxe4 6. Re1 d5 7. Bxd5 Qxd5 8. Nc3 Qd7 9. Rxe4+ Be7 10. Nxd4 f5 11. Rf4 O-O 12. Nxc6 Qxc6 13. Qf3 Bd7 14. Nd5 Bd6 15. Be3 Qxc2 16. Rc1 Qxb2 17. Rh4 g6 18. Rd1 Bc6 19. Bd4 Qxa2 20. Rxh7 Kxh7 21. Qh3+ Kg8 22. Qh8+ Kf7 23. Qg7+ Ke6 24. Nxc7+ Bxc7 25. Qxc7 Rae8 26. Qe5+ Kd7 27. Bc5+ Kc8 28. Qd6 Qe6 29. Qxe6+ Rxe6 30. Bxf8 a5 31. h4 a4 32. Ra1 b5 33. f3 Bd5 34. Bb4 Rc6 35. Re1 Rc4 36. Ba5 b4 37. Re8+ Kd7 38. Re5 Kd6 39. Re8 b3 40. Rd8+ Ke6 41. Re8+ Kf7 42. Rb8 Rc2 43. Kh2 b2 44. Kg3 Ba2 45. Bc7 b1=Q 46. Bd6 Qxb8 47. Bxb8 Be6 48. Bf4 a3 49. h5 gxh5 50. Kh4 Rxg2 51. Bg3 a2 52. f4 a1=Q 53. Be1 Qxe1+ 54. Kxh5 Qh1# 0-1


[Site "https://www.chess.com"]

[Event "Titled Tuesday Blitz May 10 Late 2022"]
[White "Wagner, Dennis"]
[Black "Adewumi, Tanitoluwa"]
[WhiteFideId "24650684"]
[BlackFideId "30966396"]
[WhiteElo "2355"]
[BlackElo "2504"]
[Result "1-0"]
[Round "08"]
[TimeControl "180+1"]
[Date "2022.05.11"]
[WhiteClock "0:00:38"]
[BlackClock "0:00:02"]

1. Nf3 d5 2. e3 Bg4 3. h3 Bxf3 4. Qxf3 e5 5. d3 Nf6 6. Nd2 c6 7. g4 Nbd7 8. Bg2 Bd6 9. Qe2 O-O 10. b3 Qe7 11. a3 e4 12. Bb2 Be5 13. d4 Bc7 14. O-O-O Bd6 15. Nb1 b5 16. g5 Ne8 17. h4 a5 18. f3 a4 19. b4 f5 20. fxe4 fxe4 21. Bh3 Nb6 22. Nd2 Nc7 23. Qg4 Rae8 24. h5 Nc4 25. Nxc4 dxc4 26. g6 h6 27. Rdf1 Nd5 28. Kd2 Bxb4+ 29. axb4 Qxb4+ 30. Kc1 c3 31. Ba1 Qa3+ 32. Kb1 Qb4+ 33. Ka2 Qc4+ 34. Kb1 Nb4 35. Rxf8+ Kxf8 36. Qf5+ Kg8 37. Qf7+ Qxf7 38. gxf7+ Kxf7 39. Bxc3 Nd5 40. Bd2 b4 41. Rf1+ Kg8 42. Bf5 b3 43. Bg6 Re7 44. c4 Nf6 45. Bb4 Rb7 46. Ba3 Kh8 47. d5 cxd5 48. cxd5 Kg8 49. d6 Rd7 50. Rc1 Rd8 51. Rc7 Nd5 52. Bf7+ Kh7 53. Bxd5 1-0


[Site "https://www.chess.com"]

[Event "Titled Tuesday Blitz May 10 Late 2022"]
[White "Wartiovaara, Oliver"]
[Black "Lehtosaari, Mauri"]
[WhiteFideId "513024"]
[BlackFideId "501999"]
[WhiteElo "1971"]
[BlackElo "2519"]
[Result "0-1"]
[Round "08"]
[TimeControl "180+1"]
[Date "2022.05.11"]
[WhiteClock "0:00:08"]
[BlackClock "0:00:09"]

1. e4 d5 2. exd5 Qxd5 3. Nc3 Qe5+ 4. Be2 c6 5. Nf3 Qc7 6. d4 Bf5 7. Ne5 Nd7 8. Bf4 Qb6 9. Nc4 Qd8 10. g4 Bg6 11. h4 h6 12. h5 Bh7 13. Bd3 Ngf6 14. Bxh7 Nxh7 15. Qe2 e6 16. O-O-O Ndf6 17. Ne5 Be7 18. Rhg1 Nd5 19. Bd2 Bg5 20. Nxd5 Bxd2+ 21. Rxd2 Qxd5 22. c4 Qd6 23. Kb1 O-O 24. f4 c5 25. g5 hxg5 26. fxg5 cxd4 27. g6 Nf6 28. h6 d3 29. Rxd3 Qc5 30. Rdg3 Rad8 31. gxf7+ Kh7 32. Rxg7+ Kh8 33. Rg8+ Rxg8 34. fxg8=Q+ Rxg8 35. Nf7+ Kh7 36. Ng5+ Rxg5 37. Qd3+ Qf5 38. Qxf5+ Rxf5 39. Rg7+ Kxh6 40. Rxb7 Ne4 41. Rxa7 Kg6 42. Kc2 Kf6 43. Kd3 Nc5+ 44. Kd4 Rh5 45. Ra8 Nd7 46. Rd8 Ke7 47. Rg8 Rh4+ 48. Kd3 Kd6 49. b4 Ne5+ 50. Ke3 Nxc4+ 51. Ke2 Rh2+ 52. Kd3 Ne5+ 53. Ke4 Re2+ 54. Kd4 Rd2+ 55. Kc3 Rxa2 56. Rd8+ Ke7 57. Rd1 Ra8 58. b5 Nd7 59. Kb4 Rb8 60. Re1 e5 61. Rd1 Ke6 62. Ka5 e4 63. Ka6 Rb6+ 64. Ka5 Rd6 65. Re1 Ke5 66. Kb4 Kf4 67. Kc4 e3 68. Kc3 Kf3 69. Rf1+ Ke2 70. Rh1 Kf2 71. Rh2+ Kg3 72. Re2 Kf3 73. Re1 e2 74. Kc2 Kf2 75. Rh1 e1=Q 76. Rxe1 Kxe1 0-1


[Site "https://www.chess.com"]

[Event "Titled Tuesday Blitz May 10 Late 2022"]
[White "Weber, Samuel"]
[Black "Romanchuk, Viktor"]
[WhiteFideId "12924008"]
[BlackFideId "14109271"]
[WhiteElo "2215"]
[BlackElo "2242"]
[Result "0-1"]
[Round "08"]
[TimeControl "180+1"]
[Date "2022.05.11"]
[WhiteClock "0:00:09"]
[BlackClock "0:00:36"]

1. b3 d5 2. Nf3 c6 3. Bb2 Bf5 4. e3 e6 5. d4 Nd7 6. Bd3 Ngf6 7. Bxf5 exf5 8. O-O Bd6 9. c4 O-O 10. cxd5 Nxd5 11. Nc3 N7f6 12. Ne2 Re8 13. Qc2 g6 14. Rac1 Qe7 15. Nc3 Nxc3 16. Bxc3 Qe4 17. Qd1 Nd5 18. Bb2 f4 19. Nd2 Qd3 20. e4 Nb4 21. a3 Na6 22. e5 Bf8 23. Re1 Bg7 24. Ne4 Qxd1 25. Rcxd1 Red8 26. Nd6 Rd7 27. Re4 g5 28. Nf5 Nc7 29. d5 cxd5 30. Rb4 Ne6 31. Nd6 Rxd6 32. exd6 Bxb2 33. Rxd5 b6 34. Rc4 Bxa3 35. d7 Rd8 36. Ra4 Bc5 37. Rxa7 h6 38. Kf1 Kf8 39. f3 Ke7 40. Ke1 Be3 41. b4 f6 42. Ke2 Nf8 43. Kd3 Rxd7 44. Rdxd7+ Nxd7 45. Ke4 Ke6 46. Rc7 f5+ 47. Kd3 Kd6 48. Rc8 h5 49. b5 h4 50. Rc6+ Kd5 51. Rc7 Ne5+ 52. Kc3 g4 53. fxg4 fxg4 54. Rh7 f3 55. gxf3 gxf3 56. Rh8 f2 57. Rf8 Ke4 58. Kc2 Nf3 59. Re8+ Kf4 60. Rf8+ Kg4 61. h3+ Kg3 62. Rg8+ Kxh3 63. Kd3 Bg5 64. Ke2 Kg2 0-1


[Site "https://www.chess.com"]

[Event "Titled Tuesday Blitz May 10 Late 2022"]
[White "Wieczorek, Oskar"]
[Black "Moral Garcia, Serafin"]
[WhiteFideId "1133950"]
[BlackFideId "2201925"]
[WhiteElo "2330"]
[BlackElo "2228"]
[Result "1-0"]
[Round "08"]
[TimeControl "180+1"]
[Date "2022.05.11"]
[WhiteClock "0:01:25"]
[BlackClock "0:01:21"]

1. e4 e5 2. Nf3 Nc6 3. Nc3 Nf6 4. a3 g6 5. Bc4 Bg7 6. d3 O-O 7. a4 d6 8. a5 a6 9. O-O h6 10. h3 Be6 11. Bxe6 fxe6 12. Ne2 Nh5 13. Ng3 Nf4 14. c3 Qf6 15. Nh2 h5 16. Ne2 Rad8 17. Nxf4 exf4 18. d4 d5 19. exd5 exd5 20. Qb3 Qd6 21. Qxb7 Rb8 22. Qxa6 Ra8 23. Qb5 Rfb8 24. Qd3 Rxa5 25. Rxa5 Nxa5 26. Nf3 Nc4 27. Re1 Nxb2 28. Qb1 Qa3 29. Qxg6 Qxc3 30. Bxb2 1-0


[Site "https://www.chess.com"]

[Event "Titled Tuesday Blitz May 10 Late 2022"]
[White "Winkels, Marcel"]
[Black "Kujawski, Adam"]
[WhiteFideId "1003887"]
[BlackFideId "1100920"]
[WhiteElo "1900"]
[BlackElo "1982"]
[Result "1-0"]
[Round "08"]
[TimeControl "180+1"]
[Date "2022.05.11"]
[WhiteClock "0:01:05"]
[BlackClock "0:00:01"]

1. e4 e6 2. d3 d5 3. Nd2 dxe4 4. dxe4 Nc6 5. Ngf3 e5 6. Bc4 Be7 7. h3 Nf6 8. O-O O-O 9. c3 a5 10. a4 Be6 11. Bxe6 fxe6 12. Qb3 Qd6 13. Nc4 Qd7 14. Ncxe5 Nxe5 15. Nxe5 Qc8 16. Re1 Ra6 17. f3 Nd7 18. Nxd7 Qxd7 19. Be3 Qc6 20. Rad1 Bc5 21. Kh1 Bxe3 22. Rxe3 Rb6 23. Qc2 Qc4 24. Red3 Qb3 25. Qd2 Qxa4 26. Rd8 Rd6 27. Rxd6 cxd6 28. Qxd6 Qc6 29. Qxc6 bxc6 30. Rd6 Kf7 31. Rxc6 Rb8 32. Ra6 Rxb2 33. Rxa5 h5 34. Rxh5 Rc2 35. Rc5 Kf6 36. Kh2 Rc1 37. Kg3 Rc2 38. e5+ Kf5 39. Rc7 g5 40. Rc5 Rc1 41. c4 Rc2 42. Rc8 Kxe5 43. c5 Rc4 44. c6 Rc2 45. c7 Rc4 46. Rg8 Rxc7 47. Rxg5+ Kf6 48. Ra5 Rc2 49. h4 Kg6 50. h5+ Kh6 51. Re5 Rd2 52. Rxe6+ Kxh5 53. Re5+ Kg6 54. Re4 Kf5 55. Rg4 Rc2 56. Kh3 Rc7 57. g3 Rc2 58. f4 Rc1 59. Rg5+ Kf6 60. Kg4 Rh1 61. Rf5+ Ke6 62. Ra5 1-0


[Site "https://www.chess.com"]

[Event "Titled Tuesday Blitz May 10 Late 2022"]
[White "Yuan, Qingyu"]
[Black "Stoleriu, George"]
[WhiteFideId "8609772"]
[BlackFideId "1227505"]
[WhiteElo "2359"]
[BlackElo "2194"]
[Result "1-0"]
[Round "08"]
[TimeControl "180+1"]
[Date "2022.05.10"]
[WhiteClock "0:00:37"]
[BlackClock "0:00:06"]

1. e4 e6 2. d4 d5 3. e5 c5 4. c3 Nc6 5. Nf3 Bd7 6. Bd3 Qb6 7. O-O cxd4 8. h4 Nge7 9. Re1 Rc8 10. Nbd2 dxc3 11. bxc3 Ng6 12. Rb1 Qc7 13. Bxg6 hxg6 14. Nf1 Bc5 15. Ng3 Ne7 16. Be3 Bxe3 17. Rxe3 Nf5 18. Nxf5 gxf5 19. Rb4 b6 20. Qd4 Qc5 21. Qf4 Qe7 22. Qg3 g6 23. Rd3 Qc5 24. Qg5 Qe7 25. Qf4 Kf8 26. Ng5 Kg7 27. g3 Rc5 28. Nf3 Rhc8 29. Qe3 Rc4 30. a3 Qc5 31. Qg5 Rxc3 32. Qf6+ Kg8 33. Ng5 Be8 34. Rxc3 Qxc3 35. h5 Rc4 36. h6 Qe1+ 37. Kg2 Kf8 38. h7 1-0


[Site "https://www.chess.com"]

[Event "Titled Tuesday Blitz May 10 Late 2022"]
[White "Zhigalko, Sergei"]
[Black "Vasquez Schroeder, Rodrigo"]
[WhiteFideId "13502956"]
[BlackFideId "3400042"]
[WhiteElo "2662"]
[BlackElo "2567"]
[Result "1-0"]
[Round "08"]
[TimeControl "180+1"]
[Date "2022.05.10"]
[WhiteClock "0:00:04"]
[BlackClock "0:00:07"]

1. e4 e5 2. Nf3 Nc6 3. Bc4 Bc5 4. b4 Bxb4 5. c3 Ba5 6. d4 d6 7. Qb3 Qd7 8. O-O Bb6 9. Nbd2 Na5 10. Qc2 Nxc4 11. Nxc4 exd4 12. cxd4 Ne7 13. a4 Nc6 14. Bb2 Na5 15. d5 Nxc4 16. Qxc4 a5 17. e5 O-O 18. Rfe1 dxe5 19. Rxe5 Qg4 20. Qxg4 Bxg4 21. Rg5 f6 22. Rxg4 Rad8 23. Rd1 Kf7 24. Rc4 Rfe8 25. Kf1 Rd7 26. Rc2 Red8 27. Rcd2 Bc5 28. Bc3 b6 29. g4 g5 30. h4 h6 31. Kg2 Rd6 32. hxg5 hxg5 33. Kf1 Kg6 34. Kg2 Re8 35. Re1 Red8 36. Re6 Rxe6 37. dxe6 Re8 38. Re2 Rd8 39. Bd4 Be7 40. Bc3 Bc5 41. Nd4 Re8 42. Nf5 Bf8 43. Kf3 Bc5 44. Bd4 Bb4 45. Bb2 Bc5 46. Re4 Bb4 47. Ke2 Bc5 48. Bd4 Bb4 49. f3 c5 50. Bf2 c4 51. e7 Kf7 52. Bxb6 1-0


[Site "https://www.chess.com"]

[Event "Titled Tuesday Blitz May 10 Late 2022"]
[White "Zhou, Qiyu"]
[Black "Leitao, Rafael"]
[WhiteFideId "505161"]
[BlackFideId "2101246"]
[WhiteElo "1925"]
[BlackElo "2609"]
[Result "1-0"]
[Round "08"]
[TimeControl "180+1"]
[Date "2022.05.10"]
[WhiteClock "0:00:04"]
[BlackClock "0:00:32"]

1. e4 c5 2. Nf3 d6 3. d4 cxd4 4. Nxd4 Nf6 5. Nc3 Nc6 6. Bg5 e6 7. Qd2 a6 8. O-O-O Bd7 9. f3 Nxd4 10. Qxd4 Be7 11. h4 Qc7 12. Bd3 Rc8 13. Kb1 b5 14. Qf2 b4 15. Ne2 Bb5 16. Nd4 Bxd3 17. cxd3 O-O 18. Rc1 Qb7 19. g4 a5 20. Be3 Nd7 21. f4 Nc5 22. Qd2 Qa6 23. Rhd1 a4 24. g5 Rc7 25. Rc4 d5 26. exd5 exd5 27. Rcc1 Rfc8 28. Nf5 Bf8 29. Bxc5 Bxc5 30. d4 Bf8 31. h5 Qe6 32. Ng3 a3 33. b3 Rc3 34. Rxc3 Rxc3 35. Re1 Qg4 36. Ne2 Qf5+ 37. Ka1 Rc2 38. Qd1 Qe4 39. Ng3 Qg2 40. Re2 Rxe2 41. Nxe2 Qf3 42. Kb1 Qxh5 43. Qd3 Qh1+ 44. Kc2 Qa1 45. Nc1 Qb2+ 46. Kd1 g6 47. Qd2 Bd6 48. Nd3 Qb1+ 49. Ke2 Qg1 50. Ne5 Qg2+ 51. Kd3 Kg7 52. Qxg2 1-0


[Site "https://www.chess.com"]

[Event "Titled Tuesday Blitz May 10 Late 2022"]
[White "Andreikin, Dmitry"]
[Black "Dreev, Aleksey"]
[WhiteFideId "4158814"]
[BlackFideId "4100107"]
[WhiteElo "2736"]
[BlackElo "2625"]
[Result "1-0"]
[Round "09"]
[TimeControl "180+1"]
[Date "2022.05.10"]
[WhiteClock "0:01:28"]
[BlackClock "0:00:11"]

1. d4 d5 2. c4 e6 3. Nf3 Nf6 4. g3 dxc4 5. Bg2 Bb4+ 6. Bd2 a5 7. Qc2 Bxd2+ 8. Nbxd2 b5 9. a4 c6 10. b3 cxb3 11. Nxb3 O-O 12. O-O Ba6 13. Nc5 bxa4 14. Rfb1 Bb5 15. e3 Na6 16. Ne5 Nb4 17. Qc1 Qc7 18. Nxa4 Rfb8 19. Nc5 Qd6 20. h4 h5 21. Bf3 Qe7 22. Ra3 g6 23. Rba1 Qc7 24. Qd2 Rd8 25. Qc3 Nfd5 26. Qc1 Ne7 27. Be4 Kg7 28. Qb2 Ned5 29. Bxg6 Qxe5 30. dxe5 Kxg6 31. Rxa5 Rxa5 32. Rxa5 Ne7 33. Qxb4 1-0


[Site "https://www.chess.com"]

[Event "Titled Tuesday Blitz May 10 Late 2022"]
[White "Arabidze, Meri"]
[Black "Jegorovas, Aleksandras"]
[WhiteFideId "13604040"]
[BlackFideId "12801950"]
[WhiteElo "2624"]
[BlackElo "2532"]
[Result "1-0"]
[Round "09"]
[TimeControl "180+1"]
[Date "2022.05.11"]
[WhiteClock "0:01:44"]
[BlackClock "0:00:18"]

1. g3 d5 2. Bg2 c6 3. Nf3 h5 4. d4 h4 5. Nxh4 Rxh4 6. gxh4 Bf5 7. Nd2 e6 8. Nf3 Be4 9. c3 Nd7 10. Bg5 Be7 11. Qd2 Qa5 12. Rg1 Ngf6 13. Ne5 Bxg2 14. Nxd7 Kxd7 15. Rxg2 Ne4 16. Qe3 f6 17. Bf4 g5 18. hxg5 fxg5 19. Be5 c5 20. f3 cxd4 21. Bxd4 Nd6 22. Qd3 Nf5 23. a3 Rc8 24. Rg4 Rc4 25. Be5 Rxg4 26. fxg4 Nd6 27. Bxd6 Bxd6 28. O-O-O Bxh2 29. Qh7+ Kc6 30. Qxh2 1-0


[Site "https://www.chess.com"]

[Event "Titled Tuesday Blitz May 10 Late 2022"]
[White "Ardila, Oscar Humberto"]
[Black "Bernal Moro, Luis Javier"]
[WhiteFideId "4404742"]
[BlackFideId "2200236"]
[WhiteElo "1928"]
[BlackElo "2373"]
[Result "0-1"]
[Round "09"]
[TimeControl "180+1"]
[Date "2022.05.11"]
[WhiteClock "0:01:14"]
[BlackClock "0:02:09"]

1. d4 Nf6 2. c4 g6 3. Nc3 Bg7 4. e4 d6 5. Nf3 O-O 6. Be2 c5 7. d5 e6 8. h3 Re8 9. O-O exd5 10. exd5 Ne4 11. Nxe4 Rxe4 12. Bd3 Re8 13. Re1 Rxe1+ 14. Qxe1 Nd7 15. Qe2 Ne5 16. Nxe5 Bxe5 17. Be3 Qf6 18. Rb1 Bd7 19. b3 Re8 20. Qc2 Bd4 21. Bxd4 Qxd4 22. Kf1 Qe5 23. Qd2 Qh2 24. f3 Bxh3 25. gxh3 Qxd2 0-1


[Site "https://www.chess.com"]

[Event "Titled Tuesday Blitz May 10 Late 2022"]
[White "Baches Garcia, Guillermo"]
[Black "Miszler, Levente"]
[WhiteFideId "2209764"]
[BlackFideId "763276"]
[WhiteElo "2509"]
[BlackElo "1966"]
[Result "1-0"]
[Round "09"]
[TimeControl "180+1"]
[Date "2022.05.11"]
[WhiteClock "0:00:15"]
[BlackClock "0:00:16"]

1. e4 e6 2. d4 d5 3. exd5 exd5 4. Nf3 Nf6 5. Bd3 Bd6 6. O-O O-O 7. h3 h6 8. c4 c6 9. Nc3 Be6 10. c5 Bc7 11. Bd2 Nbd7 12. Re1 Re8 13. Qc2 Nh5 14. Bh7+ Kh8 15. Bf5 Qf6 16. Bxe6 Rxe6 17. Rxe6 Qxe6 18. Re1 Qf6 19. Qd3 Nf4 20. Bxf4 Bxf4 21. b4 Nf8 22. Ne5 Ne6 23. g3 Bxe5 24. Rxe5 g6 25. Kg2 Kg7 26. b5 Rb8 27. Qe3 Rd8 28. f4 Nc7 29. a4 b6 30. cxb6 axb6 31. g4 c5 32. Ne2 c4 33. g5 hxg5 34. fxg5 Qd6 35. Nc3 Qa3 36. Qf3 Rd6 37. Re7 1-0


[Site "https://www.chess.com"]

[Event "Titled Tuesday Blitz May 10 Late 2022"]
[White "Barria Zuniga, Daniel"]
[Black "Matinian, Nikita"]
[WhiteFideId "3400816"]
[BlackFideId "24129100"]
[WhiteElo "2414"]
[BlackElo "2422"]
[Result "1-0"]
[Round "09"]
[TimeControl "180+1"]
[Date "2022.05.10"]
[WhiteClock "0:01:17"]
[BlackClock "0:00:34"]

1. c4 e5 2. g3 Nc6 3. Bg2 g6 4. Nc3 Bg7 5. Rb1 a5 6. a3 d6 7. b4 axb4 8. axb4 Nf6 9. b5 Ne7 10. d3 O-O 11. Nh3 c6 12. bxc6 bxc6 13. O-O d5 14. cxd5 cxd5 15. d4 exd4 16. Nb5 Nf5 17. Bb2 d3 18. exd3 Ba6 19. Nd4 Qd7 20. Nf4 Rab8 21. Nxf5 Qxf5 22. h4 Rfd8 23. Bh3 Rxb2 24. Bxf5 Rxb1 25. Qxb1 gxf5 26. Qb6 Ra8 27. Ra1 Nd7 28. Qc6 1-0


[Site "https://www.chess.com"]

[Event "Titled Tuesday Blitz May 10 Late 2022"]
[White "Bifulco, Michel"]
[Black "Sanchez Alvares, Kelvin Antonio"]
[WhiteFideId "828580"]
[BlackFideId "3906680"]
[WhiteElo "2165"]
[BlackElo "2193"]
[Result "1-0"]
[Round "09"]
[TimeControl "180+1"]
[Date "2022.05.11"]
[WhiteClock "0:00:49"]
[BlackClock "0:00:14"]

1. d4 Nf6 2. Nc3 c5 3. d5 g6 4. g3 Bg7 5. Bg2 d6 6. e4 O-O 7. Nge2 e6 8. dxe6 Bxe6 9. Bf4 Ne8 10. O-O Nc6 11. Qd2 Ne5 12. b3 Rc8 13. Rad1 Qe7 14. Nb5 a6 15. Nxd6 Rd8 16. Nf5 gxf5 17. Qxd8 Qxd8 18. Rxd8 fxe4 19. Bxe4 b6 20. Re1 Ng6 21. Bd2 Nf6 22. Rxf8+ Kxf8 23. Bg2 Nd5 24. c4 Nb4 25. Nf4 Nxf4 26. Bxf4 Nxa2 27. Bc7 b5 28. Bd5 Ke7 29. Be5 Bxe5 30. Rxe5 Kd6 31. Re1 Bxd5 32. cxd5 Kxd5 33. Re7 c4 34. bxc4+ bxc4 35. Rxf7 Nb4 36. Kf1 c3 37. Ke2 Kd4 38. Rf4+ Kc5 39. Rh4 a5 40. Rh5+ Kc4 41. Rxa5 Nd3 42. Ra8 Nc5 43. Rc8 Kd4 44. Rxc5 Kxc5 45. Kd3 Kd5 46. f3 c2 47. Kxc2 Kd4 48. Kd2 1-0


[Site "https://www.chess.com"]

[Event "Titled Tuesday Blitz May 10 Late 2022"]
[White "Bluebaum, Matthias"]
[Black "Demchenko, Anton"]
[WhiteFideId "24651516"]
[BlackFideId "4160258"]
[WhiteElo "2556"]
[BlackElo "2539"]
[Result "1/2-1/2"]
[Round "09"]
[TimeControl "180+1"]
[Date "2022.05.10"]
[WhiteClock "0:00:05"]
[BlackClock "0:00:04"]

1. d4 Nf6 2. c4 d6 3. Nf3 Nc6 4. Nc3 e5 5. Bg5 h6 6. Bh4 exd4 7. Nxd4 Nxd4 8. Qxd4 g5 9. Bg3 Bg7 10. Qd2 O-O 11. e3 Bf5 12. Be2 Ne4 13. Nxe4 Bxe4 14. f3 Bg6 15. h4 Qf6 16. hxg5 hxg5 17. O-O-O b5 18. e4 bxc4 19. Bf2 c5 20. Qc3 Qe7 21. Qxc4 Rab8 22. Rd2 Rb4 23. Qd5 Rfb8 24. b3 Qf6 25. e5 Qxe5 26. Qxe5 Bxe5 27. Be3 c4 28. Bd1 f6 29. Bc2 Bxc2 30. Rxc2 cxb3 31. axb3 Rxb3 32. Kd2 Rb2 33. Bxa7 Rxc2+ 34. Kxc2 Rb2+ 35. Kd3 Rxg2 36. Ke4 Kg7 37. Kf5 Rg3 38. Rf1 Rh3 39. Be3 Kf7 40. Bd2 d5 41. Be3 d4 42. Bxg5 Rh5 43. f4 Bd6 44. Kg4 Rh2 45. Bh4 d3 46. Rd1 d2 47. Bg3 Rh8 48. Rxd2 Rg8+ 49. Kf3 Be7 50. Rd5 Rc8 51. Kg4 Rc5 52. Rd7 f5+ 53. Kh3 Ke6 54. Rd3 Rc4 55. Re3+ Re4 56. Rb3 Bc5 57. Kg2 Re3 58. Rb5 Bd4 59. Ra5 Rd3 60. Ra6+ Kd5 61. Ra8 Rd2+ 62. Kf3 Rd3+ 63. Kg2 Rb3 64. Rd8+ Ke4 65. Re8+ Kd5 66. Rd8+ Ke4 67. Re8+ Kd5 68. Bh4 Be3 69. Bg5 Bd4 70. Kh2 Rb2+ 71. Kh3 Rb3+ 72. Kh4 Bf2+ 73. Kh5 Re3 74. Rd8+ Ke4 75. Kg6 Bg3 76. Re8+ Kf3 77. Ra8 Bxf4 78. Kxf5 Re5+ 79. Kf6 Rxg5 80. Ra3+ Kg4 81. Ra4 Rc5 82. Ke6 Re5+ 83. Kd6 Kf5 84. Kc6 Re6+ 85. Kd5 Rd6+ 86. Kc5 Rd1 87. Ra8 Be3+ 88. Kc4 Bg5 89. Rf8+ Bf6 90. Rg8 Ke4 91. Rg4+ Ke5 92. Rg3 Rc1+ 93. Kb5 Be7 94. Rh3 Kd5 95. Rh5+ Kd6 96. Kb4 Bf6 97. Rh6 Ke6 98. Rh5 Be5 99. Kb3 Kd5 100. Kb4 Rb1+ 101. Ka5 Rb2 102. Rg5 Kd4 103. Ka6 Bd6 104. Rb5 Ra2+ 105. Kb7 Bc5 106. Rb1 Rg2 107. Rd1+ Kc4 108. Rc1+ Kb5 109. Kc7 Rg7+ 110. Kd8 Kc6 111. Ke8 Re7+ 112. Kd8 Rf7 113. Re1 Bd6 114. Rc1+ Kd5 115. Rd1+ Ke6 116. Re1+ Be5 117. Kc8 Rc7+ 118. Kd8 Rb7 119. Rc1 Rb6 120. Rc2 Rb3 121. Rc1 Rb2 122. Rc4 Kd5 123. Rc1 Bd6 124. Kd7 Rb7+ 125. Kc8 Ra7 126. Rd1+ Kc6 127. Rc1+ Bc5 128. Kb8 Rb7+ 129. Ka8 Rf7 1/2-1/2


[Site "https://www.chess.com"]

[Event "Titled Tuesday Blitz May 10 Late 2022"]
[White "Bongo Akanga Ndjila, Barthelemy"]
[Black "Melikhov, Evgeny V."]
[WhiteFideId "10609431"]
[BlackFideId "4122046"]
[WhiteElo "1768"]
[BlackElo "1931"]
[Result "1/2-1/2"]
[Round "09"]
[TimeControl "180+1"]
[Date "2022.05.11"]
[WhiteClock "0:01:09"]
[BlackClock "0:01:32"]

1. d4 Nf6 2. c4 e6 3. Nc3 Bb4 4. f3 d5 5. a3 Bxc3+ 6. bxc3 c6 7. cxd5 cxd5 8. e3 O-O 9. Bd3 b6 10. Ne2 Ba6 11. O-O Qc8 12. e4 Bxd3 13. Qxd3 Qa6 14. Qe3 Nc6 15. e5 Nd7 16. f4 g6 17. g4 Na5 18. f5 Nc4 19. Qh6 Ncxe5 20. dxe5 Qxe2 21. f6 Qxg4+ 22. Kh1 Qe4+ 23. Kg1 Qg4+ 24. Kh1 Qe4+ 25. Kg1 Qg4+ 1/2-1/2


[Site "https://www.chess.com"]

[Event "Titled Tuesday Blitz May 10 Late 2022"]
[White "Bortnyk, Olexandr"]
[Black "Pap, Gyula"]
[WhiteFideId "14120828"]
[BlackFideId "725323"]
[WhiteElo "2723"]
[BlackElo "2553"]
[Result "1-0"]
[Round "09"]
[TimeControl "180+1"]
[Date "2022.05.10"]
[WhiteClock "0:02:10"]
[BlackClock "0:02:03"]

1. d4 Nf6 2. Nc3 d5 3. Bf4 c5 4. e4 dxe4 5. d5 a6 6. Qe2 Bf5 7. f3 Qa5 8. O-O-O Nbd7 9. fxe4 Bg4 10. Nf3 e5 11. dxe6 Bxe6 12. Nd5 Rc8 13. Kb1 Nb6 14. Bd2 1-0


[Site "https://www.chess.com"]

[Event "Titled Tuesday Blitz May 10 Late 2022"]
[White "Butti, Enrique"]
[Black "Kujawski, Adam"]
[WhiteFideId "3700470"]
[BlackFideId "1100920"]
[WhiteElo "2080"]
[BlackElo "1982"]
[Result "0-1"]
[Round "09"]
[TimeControl "180+1"]
[Date "2022.05.11"]
[WhiteClock "0:00:03"]
[BlackClock "0:00:05"]

1. d4 Nf6 2. Nf3 c5 3. e3 b6 4. Bd3 Bb7 5. O-O g6 6. c3 Bg7 7. Nbd2 d5 8. Ne5 O-O 9. f4 Ne4 10. Nxe4 dxe4 11. Bc4 Ba6 12. Qb3 Bxc4 13. Qxc4 cxd4 14. exd4 e6 15. a4 Qd5 16. Qxd5 exd5 17. a5 Bxe5 18. fxe5 Nc6 19. a6 Na5 20. Bh6 Rfe8 21. Rf2 Rac8 22. Raf1 Rc7 23. Rf6 Nc4 24. e6 Nd6 25. Bf4 Rxe6 26. Rxe6 fxe6 27. Bxd6 Rd7 28. Be5 h6 29. Rf6 Kh7 30. Rxe6 Rf7 31. Bg3 g5 32. Rc6 Rf5 33. Rc7+ Kg6 34. Rxa7 e3 35. Re7 Rf8 36. a7 Kf6 37. Bb8 Kxe7 38. a8=Q e2 39. Qb7+ Kf6 40. Bg3 Kg6 41. Qc6+ Kh5 42. h3 Rf1+ 43. Kh2 e1=Q 44. Bxe1 Rxe1 45. Qxd5 Rb1 46. Qb3 Rxb2 47. d5 Rxb3 48. d6 Rxc3 0-1


[Site "https://www.chess.com"]

[Event "Titled Tuesday Blitz May 10 Late 2022"]
[White "Carrasco Miranda, Andres"]
[Black "D`Arruda, Ricardo D."]
[WhiteFideId "3405990"]
[BlackFideId "100692"]
[WhiteElo "2177"]
[BlackElo "2434"]
[Result "0-1"]
[Round "09"]
[TimeControl "180+1"]
[Date "2022.05.11"]
[WhiteClock "0:00:45"]
[BlackClock "0:00:30"]

1. d4 Nf6 2. c4 e5 3. dxe5 Ne4 4. a3 Nc6 5. Nf3 d6 6. Bf4 g5 7. Qc2 gxf4 8. Qxe4 dxe5 9. Nxe5 Qe7 10. Nc3 Qxe5 11. Qf3 Bg7 12. g3 Nd4 13. Qd3 Bf5 14. gxf4 Qxf4 15. e3 Bxd3 16. exf4 Nc2+ 17. Kd2 Nxa1 18. Bxd3 O-O-O 19. Rxa1 Bh6 20. Kc2 Bxf4 21. h3 Be5 22. Nd5 c6 23. Ne3 Bd4 24. Rf1 Bxe3 25. fxe3 Rdf8 26. Rf6 Kd7 27. b4 Ke7 28. Rf5 f6 29. b5 cxb5 30. cxb5 b6 31. Rh5 h6 32. Kd2 Rc8 33. a4 Rc5 34. Rxc5 bxc5 35. a5 Kd6 36. Be4 Kc7 37. Bc6 Rg8 38. Kc3 Rg3 39. Kc4 Rxe3 40. Kxc5 Re5+ 41. Kd4 Rh5 42. Ke4 Rxh3 43. Kf5 a6 44. Bg2 Rh2 45. b6+ Kd6 46. Bb7 Ra2 47. Bxa6 Rxa5+ 48. Kxf6 Rxa6 0-1


[Site "https://www.chess.com"]

[Event "Titled Tuesday Blitz May 10 Late 2022"]
[White "Daggupati, Balaji"]
[Black "Sernecki, Franciszek"]
[WhiteFideId "2090759"]
[BlackFideId "1169297"]
[WhiteElo "2646"]
[BlackElo "2189"]
[Result "1-0"]
[Round "09"]
[TimeControl "180+1"]
[Date "2022.05.10"]
[WhiteClock "0:00:42"]
[BlackClock "0:00:03"]

1. e4 e6 2. d4 d5 3. Nc3 Bb4 4. e5 c5 5. a3 Bxc3+ 6. bxc3 Qa5 7. Bd2 Qa4 8. Qg4 Kf8 9. Nf3 Nc6 10. h4 Nge7 11. h5 h6 12. Qf4 Qxc2 13. dxc5 Qe4+ 14. Be2 Kg8 15. Rh4 Qxf4 16. Rxf4 g5 17. hxg6 Nxg6 18. c4 Nxf4 19. Bxf4 Ne7 20. Rb1 Kg7 21. Nd4 a6 22. Bg3 Nc6 23. Nf3 dxc4 24. Bh4 Re8 25. Bxc4 Ne7 26. Bf6+ Kg8 27. Bd3 Nd5 28. Bh4 Kg7 29. Be4 Nc3 30. Bf6+ Kg8 31. Rb4 Nd5 32. Rb3 Nxf6 33. exf6 e5 34. Nh4 Re6 35. Rf3 Rb8 36. Bd5 Re8 37. Rg3+ Kf8 38. Rg7 Be6 39. Rh7 Kg8 40. Rg7+ Kf8 41. Be4 Rec8 42. Rh7 Ke8 43. Nf3 b6 44. Nxe5 bxc5 45. Rh8# 1-0


[Site "https://www.chess.com"]